 Dungeon Crawl Stone Soup version 0.28.0-45-g0d030f2227 (webtiles) character file.

Game seed: 11051055003161176684

119 pkoi the Gusty (level 4, -12/33 HPs)
             Began as a Demigod Air Elementalist on Apr 15, 2022.
             Mangled by Crazy Yiuf
             ... wielding a +3 quarterstaff of chaos
              (15 damage)
             ... while paralysed by Crazy Yiuf
             ... on level 2 of the Dungeon.
             The game lasted 00:03:10 (3229 turns).

pkoi the Gusty (Demigod Air Elementalist)           Turns: 3229, Time: 00:03:11

Health: -12/33     AC:  2    Str: 11    XL:     4   Next: 46%
Magic:  9/9        EV:  2    Int: 21    God:
Gold:   48         SH:  0    Dex: 14    Spells: 0/6 levels left

rFire   . . .      SeeInvis .   m - +4 mace of Deformation {elec, Fly Will- Str+2}
rCold   . . .      Faith    .   (no shield)
rNeg    . . .      Spirit   .   a - +0 robe
rPois   .          Reflect  .   (no helmet)
rElec   .          Harm     .   (no cloak)
rCorr   .          Rampage  .   (no gloves)
Will    .....                   (no boots)
Stlth   ++........              (no amulet)
HPRegen 0.11/turn               (no ring)
MPRegen 0.11/turn               (no ring)

@: paralysed, flying
A: high MP 1, forlorn, divine attributes
a: no special abilities


You were on level 2 of the Dungeon.
You visited 1 branch of the dungeon, and saw 2 of its levels.

You collected 48 gold pieces.

Inventory:

Hand Weapons
 d - a +0 club
 f - a +0 dagger
 i - a +0 whip
 m - the +4 mace of Deformation (weapon) {elec, Fly Will- Str+2}
   (You found it on level 2 of the Dungeon)

   It occasionally discharges a powerful burst of electricity upon striking a
   foe.
   Str:       It affects your strength (+2).
   Fly:       It grants you flight.
   Will:      It decreases your willpower.
Missiles
 b - a throwing net
Armour
 a - a +0 robe (worn)
Scrolls
 c - a scroll of holy word {unknown}
 e - a scroll of identify {unknown}
 k - a scroll of fear {unknown}
 n - a scroll of amnesia {unknown}
Potions
 g - a potion of brilliance {unknown}
 h - 2 potions of curing {unknown}
 j - a potion of flight {unknown}
 l - a potion of attraction {unknown}


   Skills:
 + Level 0.0 Fighting
 + Level 1.7 Dodging
 - Level 1.7 Stealth
 + Level 1.7 Spellcasting
 - Level 0.8 Conjurations
 * Level 5.0 Air Magic


You couldn't memorise any spells.
You knew the following spells:

 Your Spells              Type           Power      Damage    Failure   Level
a - Shock                 Conj/Air       56%        1d6       4%          1
b - Static Discharge      Conj/Air       14%        N/A       7%          2
c - Swiftness             Air            23%        N/A       5%          3

Your spell library contained the following spells:

 Spells                   Type           Power      Damage    Failure   Level
 Airstrike                Air            11%        N/A       19%         4


Dungeon Overview and Level Annotations

Branches:
Dungeon (2/15)

Annotations:
D:2 Crazy Yiuf


Innate Abilities, Weirdness & Mutations

You have an increased reservoir of magic. (+10% MP)
You shall have no god before yourself.
Your divine heritage dramatically boosts your attributes as you level up.


Message History

Memorise Swiftness, consuming 3 spell levels and leaving 0?
You start memorising the spell.
You continue memorising. x3
You finish memorising.
Spell assigned to 'c'.
There is an open door here.
There is an open door here.
There is an open door here.
Found 12 stones.
A ball python comes into view.
Found a scroll labelled WITWIN NIEC and 4 large rocks.
A ball python is nearby!
A ball python is nearby!
The ball python hisses angrily.
The ball python barely misses you. The ball python closely misses you.
You sock the ball python!
You kill the ball python!
You see here 4 large rocks.
n - a scroll labelled WITWIN NIEC Crazy Yiuf shouts!
Could not explore, unopened runed door.
Could not explore, unopened runed door.
Could not explore, unopened runed door.
You reach down and open the door.
Crazy Yiuf hits you with a +3 quarterstaff of chaos!
* * * LOW HITPOINT WARNING * * *
There is an open translucent door, spattered with blood here.
You closely miss Crazy Yiuf.
Crazy Yiuf hits you with a +3 quarterstaff of chaos.
* * * LOW HITPOINT WARNING * * *
Crazy Yiuf burns you.
* * * LOW HITPOINT WARNING * * *
Crazy Yiuf hits you with a +3 quarterstaff of chaos!
* * * LOW HITPOINT WARNING * * *
You suddenly lose the ability to move!
Crazy Yiuf laughs, "Gnoll!
Tonal hog aubergine."
Crazy Yiuf hits you with a +3 quarterstaff of chaos!
* * * LOW HITPOINT WARNING * * *
Crazy Yiuf freezes you.
* * * LOW HITPOINT WARNING * * *
Crazy Yiuf hits you with a +3 quarterstaff of chaos!
You die...

#################......#
..........# #..###.#
..........# ####
#.##########
..........##
#..........#
...........# #####
#..........#
...........# #..)#
##.........#
#########..# #...#
#........... #..# #.g.#
#.......#### #####..#
#@# #)........# #...'..#
##.# #.......#.##
#.###..# #.##
######..#.## #.# #..#
##.# #....## #.# ####
#.## #..#### #.# ##.##
#..# # #.##### #...##
######..# # #...[.#
#....# #....#..## #
#####.# #....#
####.#...# #


You could see Crazy Yiuf.

Vanquished Creatures
  Natasha (twice) (D:1)
  3 gnolls (D:2)
  An adder (D:2)
  A dart slug (D:1)
  2 endoplasms
  A hobgoblin (D:1)
  A quokka (D:1)
  6 ball pythons
  7 bats
  A frilled lizard (D:1)
  2 goblins
  3 kobolds
  4 rats
34 creatures vanquished.

Notes
Turn   | Place    | Note
-------+----------+-------------------------------------------
     0 | D:1      | pkoi the Demigod Air Elementalist began the quest for the
                  | Orb.
     0 | D:1      | Reached XP level 1. HP: 14/14 MP: 5/5
   358 | D:1      | Reached skill level 3 in Air Magic
   547 | D:1      | Reached XP level 2. HP: 20/20 MP: 5/7
  1484 | D:2      | Reached skill level 4 in Air Magic
  1484 | D:2      | Reached XP level 3. HP: 4/26 MP: 0/8
  1941 | D:2      | Noticed Natasha
  1964 | D:1      | Killed Natasha
  2082 | D:1      | Noticed Natasha
  2088 | D:1      | Killed Natasha
  2089 | D:1      | Reached XP level 4. HP: 22/33 MP: 3/9
  2633 | D:2      | Reached skill level 5 in Air Magic
  2973 | D:2      | Found a runed translucent door.
  3055 | D:2      | Identified the +4 mace of Deformation {elec, Fly Will-
                  | Str+2}
  3061 | D:2      | Learned a level 2 spell: Static Discharge
  3065 | D:2      | Learned a level 3 spell: Swiftness
  3222 | D:2      | Noticed Crazy Yiuf
  3227 | D:2      | Paralysed by Crazy Yiuf for 4 turns
  3229 | D:2      | Mangled by Crazy Yiuf

Illustrated notes

Levels and vault maps discovered:
D:1:      minmay_arrival_glassed_features, layout_basic,
          hellmonk_ecumenical_altar_inner_sanctum
D:2:      layout_basic, uniq_natasha, uniq_crazy_yiuf_cottage

Skill      XL: |  1  2  3  4 |
---------------+-------------+-----
Air Magic      | 3 4 5 |  5.0
Dodging        | |  1.7
Stealth        | |  1.7
Spellcasting   | |  1.7
Conjurations   | |  0.8

Action                   |  1- 3 |  4- 6 || total
-------------------------+-------+-------++-------
Melee: Unarmed           |     1 |       ||     1
       Dagger            |     7 |       ||     7
       Mace              |       |     2 ||     2
 Cast: Shock             |    58 |    20 ||    78
Armor: Robe              |     6 |       ||     6
Dodge: Dodged            |    31 |     6 ||    37
